Map: Reclamation LE

Players

A.I. 3 (Very Easy)

  • Race: Zerg Zerg
  • Spawn Location: 5:00

A.I. 2 (Very Easy)

  • Race: Protoss Protoss
  • Spawn Location: 6:00

Username

  • Race: Zerg Zerg
  • League: Silver
  • Spawn Location: 12:00

MattBarry

  • Race: Protoss Protoss
  • League: Gold
  • Spawn Location: 11:00

VOD

Have the link to the VOD?

Description

Time

  • Played on: Feb. 15, 2023, 6:08 a.m.
  • Length: 2:28
Show
View Real Time Build Order
Export as new Build Order

A.I. 3 (Very Easy) Zerg 

Build Orders: Pool Only 

Get SALT Encoding   

  12  0:01  Drone  
  13  0:12  Overlord  
  13  0:16  Drone  
  14  0:35  Spawning Pool  
  13  0:37  Drone  
  13  0:41  Extractor  
  13  0:45  Drone  
  14  0:52  Overlord  
  14  1:22  Zergling x2, Queen  
  17  1:30  Roach Warren  
  16  1:33  Drone  
  16  1:37  Extractor  
  16  1:41  Drone  
  17  1:49  Zergling x2  
  18  1:59  Drone  
  19  2:07  Drone  
Show
View Real Time Build Order
Export as new Build Order

A.I. 2 (Very Easy) Protoss 

Build Orders:  

Get SALT Encoding   

  12  0:01  Probe  
  13  0:13  Probe  
  14  0:19  Pylon  
  14  0:37  Assimilator  
  14  0:42  Gateway  
  14  0:46  Pylon  
  14  0:48  Probe  
  14  0:57  Probe  
  6  1:17  Probe  
  1  1:52  Probe  
Show
View Real Time Build Order
Export as new Build Order

Username Zerg 

Build Orders:  

Get SALT Encoding   

  12  0:01  Extractor  
  5  1:15  Drone x2  
  3  1:41  Drone  
Show
View Real Time Build Order
Export as new Build Order

MattBarry Protoss 

Build Orders:  

Get SALT Encoding   

Tags
 
Add a new tag
Caveats
  • Supply blocks, unpowered buildings, or Contaminate may cause inaccurate times.
  • Supply counts are checked every 10 seconds.